Map: Ephemeron LE

Players

Bunny

  • Race: Terran Terran
  • League: Diamond
  • Spawn Location: 5:00

liquidthermy (uThermal) - Winner!

  • Race: Terran Terran
  • Spawn Location: 11:00

VOD

Have the link to the VOD?

Description

Time

  • Played on: Jan. 14, 2020, 2:22 p.m.
  • Length: 13:55
Show
View Real Time Build Order
Export as new Build Order

Bunny Terran 

Build Orders: Reaper Expand, Mech 

Get SALT Encoding   

  12  0:01  SCV  
  13  0:13  SCV  
  14  0:17  Supply Depot  
  14  0:25  SCV  
  15  0:39  SCV  
  15  0:40  Barracks  
  16  0:43  Refinery  
  16  0:51  SCV  
  17  1:03  SCV  
  18  1:15  SCV  
  19  1:27  Orbital Command  
  19  1:28  Reaper  
  20  1:55  SCV, Command Center  
  22  2:04  Factory  
  22  2:08  Supply Depot  
  22  2:11  SCV  
  22  2:19  Refinery  
  22  2:21  Barracks Reactor  
  22  2:24  SCV  
  23  2:37  SCV  
  24  2:49  SCV, Hellion  
  27  2:52  Starport  
  27  2:58  Marine x2  
  27  3:02  SCV  
  30  3:08  Orbital Command  
  30  3:13  Factory Tech Lab  
  30  3:14  SCV  
  33  3:26  SCV  
  32  3:31  Command Center  
  32  3:32  Starport Tech Lab  
  32  3:35  SCV  
  32  3:38  SCV  
  34  3:42  Cyclone  
  34  3:47  SCV  
  37  3:50  SCV  
  38  3:56  Raven  
  38  3:58  Refinery  
  38  3:59  SCV  
  38  4:02  SCV  
  42  4:03  Bunker  
  42  4:08  Marine x2, Supply Depot  
  44  4:11  SCV  
  44  4:14  SCV  
  46  4:29  SCV x2, Cyclone  
  51  4:31  Supply Depot  
  51  4:40  Refinery  
  51  4:42  Engineering Bay  
  51  4:44  Raven  
  52  4:47  Marine x2  
  52  4:49  SCV x2  
  48  5:01  SCV  
  48  5:06  Orbital Command  
  48  5:09  SCV  
  44  5:16  SCV  
  45  5:21  SCV  
  47  5:28  SCV  
  47  5:34  SCV x2  
  49  5:40  SCV  
  49  5:42  Siege Tank  
  53  5:46  SCV x2  
  55  5:53  Factory  
  55  5:54  Barracks Reactor  
  55  5:55  SCV  
  56  5:57  Factory  
  56  5:58  SCV x2  
  56  6:02  Viking  
  60  6:07  SCV, Orbital Command  
  60  6:10  SCV  
  60  6:20  SCV  
  60  6:22  SCV  
  59  6:26  Siege Tank  
  59  6:32  SCV  
  63  6:34  SCV  
  63  6:36  SCV  
  63  6:37  Armory  
  65  6:42  Siege Tank  
  65  6:44  SCV  
  65  6:46  SCV  
  70  6:48  SCV, Supply Depot  
  70  6:49  Hellion x2  
  75  6:56  SCV  
  75  6:58  SCV, Supply Depot  
  77  7:02  Supply Depot  
  77  7:09  SCV x2, Siege Tank  
  77  7:10  SCV  
  83  7:19  Siege Tank  
  83  7:21  SCV x2  
  88  7:22  SCV  
  88  7:24  Supply Depot  
  88  7:25  Hellion  
  88  7:28  Terran Vehicle Weapons Level 1  
  91  7:33  SCV x2  
  91  7:35  SCV  
  94  7:41  Missile Turret  
  94  7:42  Siege Tank  
  97  7:46  SCV  
  97  7:47  Factory  
  97  7:50  SCV x2, Factory  
  100  7:55  Refinery  
  100  7:56  Refinery  
  100  7:57  Supply Depot  
  100  7:58  SCV  
  101  8:02  Hellion  
  101  8:04  Mag-Field Accelerator  
  103  8:06  SCV x2  
  103  8:09  Infernal Pre-Igniter  
  103  8:10  SCV  
  106  8:17  Cyclone  
  106  8:18  Cyclone  
  112  8:22  Supply Depot  
  112  8:23  Supply Depot  
  112  8:24  SCV x2, Supply Depot  
  114  8:29  Hellion x2  
  114  8:34  SCV  
  119  8:35  Factory Reactor, Factory Tech Lab  
  119  8:36  SCV x2  
  121  8:49  Cyclone  
  121  8:50  SCV x3, Cyclone  
  121  8:52  Hellion x2  
  134  8:59  Hellion x3  
  134  9:01  Cyclone  
  137  9:03  SCV x3  
  140  9:12  Command Center  
  138  9:17  Supply Depot  
  138  9:18  Hellion  
  138  9:21  Cyclone  
  138  9:22  Hellion x2  
  138  9:23  Hellion  
  149  9:29  Supply Depot x2  
  149  9:32  Terran Vehicle Weapons Level 2  
  149  9:38  Supply Depot  
  149  9:39  Cyclone  
  155  9:54  Cyclone  
  155  9:57  Hellion x4  
  166  10:02  SCV x3  
  164  10:08  Thor  
  164  10:10  Thor  
  173  10:24  SCV x2  
  173  10:25  Thor  
  171  10:30  Orbital Command  
  171  10:31  SCV  
  171  10:36  SCV x2  
  173  10:43  SCV  
  173  10:45  Refinery  
  173  10:48  SCV x2  
  176  10:53  Refinery  
  176  10:56  Armory  
  176  10:58  SCV x2  
  176  10:59  Command Center  
  176  11:00  SCV x2  
  176  11:04  Thor x2  
  190  11:13  Hellion x3  
  196  11:26  Hellion  
  196  11:32  Thor  
  192  11:37  SCV x4  
  196  11:51  Command Center  
  196  11:53  Factory x3  
  196  11:57  Supply Depot  
  196  12:11  SCV x4  
  200  12:27  Thor  
  195  12:37  Planetary Fortress  
  195  12:39  Refinery x2  
  195  12:43  Factory Reactor, Factory Tech Lab x2  
  195  13:04  Thor, Sensor Tower  
  183  13:08  Thor x4  
  183  13:09  Thor  
  148  13:28  Hellion  
Show
View Real Time Build Order
Export as new Build Order

liquidthermy Terran - Winner!

Build Orders: Gas First Reaper Expand, Liberator Opening, Mech 

Get SALT Encoding   

  12  0:01  SCV  
  13  0:13  SCV  
  14  0:17  Supply Depot  
  14  0:25  SCV  
  14  0:27  Refinery  
  15  0:38  SCV  
  16  0:45  Barracks  
  16  0:50  SCV  
  17  1:02  SCV  
  18  1:15  SCV  
  19  1:31  Reaper  
  19  1:32  Orbital Command  
  20  1:52  Command Center  
  20  1:58  SCV  
  21  2:05  Factory  
  21  2:06  Barracks Reactor  
  21  2:10  SCV  
  21  2:14  Supply Depot  
  22  2:22  SCV  
  23  2:24  Refinery  
  22  2:45  SCV  
  23  2:53  Starport  
  23  2:54  Hellion x2  
  23  2:57  SCV  
  28  3:04  Orbital Command  
  28  3:09  SCV  
  28  3:12  Liberator  
  29  3:15  Hellion x2  
  33  3:21  SCV  
  33  3:26  Supply Depot  
  34  3:31  SCV  
  38  3:38  Hellion  
  38  3:40  Hellion  
  42  3:46  SCV  
  43  3:50  SCV  
  43  3:51  Barracks Tech Lab  
  43  3:52  Supply Depot  
  44  3:58  SCV  
  44  4:00  Hellion  
  44  4:02  SCV, Hellion  
  50  4:04  Refinery  
  50  4:10  SCV  
  50  4:14  SCV, Supply Depot  
  52  4:18  Raven  
  52  4:23  SCV  
  55  4:26  SCV  
  55  4:27  Marine  
  55  4:28  Marine, Factory Tech Lab  
  55  4:31  Supply Depot  
  58  4:35  SCV  
  58  4:38  SCV  
  58  4:47  SCV  
  58  4:48  Marine  
  58  4:51  Siege Tank  
  59  4:53  SCV  
  59  4:55  Marine  
  59  4:59  SCV  
  58  5:05  SCV, Raven, Marine  
  58  5:06  Command Center  
  62  5:11  SCV  
  54  5:17  SCV, Marine  
  54  5:19  Refinery  
  54  5:20  Bunker  
  56  5:23  SCV, Siege Tank  
  56  5:24  Marine  
  61  5:29  SCV  
  61  5:32  Supply Depot  
  61  5:35  Marine, SCV  
  64  5:41  SCV  
  64  5:42  Marine  
  66  5:47  SCV, Armory x2  
  67  5:53  SCV  
  67  5:55  Siege Tank  
  71  5:59  SCV  
  72  6:04  Viking  
  72  6:05  SCV, Viking, Engineering Bay  
  77  6:11  SCV  
  77  6:17  SCV  
  79  6:22  Orbital Command  
  79  6:25  SCV  
  80  6:27  Siege Tank  
  80  6:30  SCV  
  84  6:34  Missile Turret, Viking x2  
  84  6:37  SCV, Missile Turret  
  89  6:42  SCV  
  89  6:44  Terran Vehicle And Ship Armor Level 1, Terran Vehicle Weapons Level 1  
  90  6:49  SCV  
  90  6:51  Refinery  
  90  6:54  Refinery, Orbital Command  
  91  6:56  Supply Depot  
  91  6:57  SCV  
  91  7:00  Siege Tank  
  96  7:01  SCV  
  96  7:04  Viking  
  96  7:07  Viking  
  100  7:08  Missile Turret  
  100  7:10  SCV  
  101  7:18  SCV  
  101  7:20  Supply Depot  
  101  7:21  SCV  
  103  7:27  SCV  
  103  7:28  Supply Depot  
  103  7:29  Factory x2  
  104  7:30  SCV  
  104  7:34  Siege Tank  
  104  7:35  Supply Depot  
  108  7:37  SCV  
  108  7:42  SCV, Viking  
  112  7:44  Supply Depot, Barracks Reactor  
  112  7:45  SCV  
  112  7:50  Supply Depot, Viking  
  112  7:51  SCV  
  116  8:00  Command Center  
  116  8:06  Siege Tank  
  116  8:08  Supply Depot  
  116  8:11  Viking  
  121  8:13  Supply Depot  
  121  8:20  Viking  
  121  8:23  Command Center  
  121  8:26  Siege Tank  
  126  8:28  Hellion x2  
  126  8:29  Infernal Pre-Igniter  
  130  8:41  Supply Depot, Terran Vehicle And Ship Armor Level 2, Terran Ship Weapons Level 1  
  130  8:42  Supply Depot  
  130  8:44  Supply Depot  
  130  8:45  Viking  
  131  8:50  Viking  
  131  8:53  SCV  
  133  8:57  SCV  
  133  8:58  SCV  
  132  9:05  SCV  
  132  9:09  SCV  
  132  9:12  Siege Tank  
  132  9:13  Hellion x2, Siege Tank  
  132  9:15  Viking  
  145  9:17  Orbital Command  
  144  9:26  Viking  
  144  9:27  Missile Turret  
  146  9:34  Hellion x2  
  146  9:37  Starport  
  146  9:38  Starport  
  150  9:40  Fusion Core  
  149  9:48  Hellion, Siege Tank  
  152  9:57  Hellion x2  
  154  10:06  SCV  
  154  10:07  Orbital Command  
  154  10:11  Viking  
  156  10:21  Hellion, Siege Tank  
  161  10:23  Hellion, Siege Tank  
  156  10:30  Starport Reactor x2  
  156  10:31  Advanced Ballistics  
  156  10:32  Liberator x2  
  156  10:36  SCV  
  163  10:50  SCV, Hellion x2  
  163  10:57  SCV  
  169  10:58  Command Center  
  169  11:02  Liberator  
  163  11:05  Siege Tank x2  
  163  11:09  SCV x4  
  169  11:21  Liberator x2  
  172  11:26  SCV  
  172  11:30  Refinery, Liberator  
  172  11:32  Sensor Tower, Hellion x2  
  176  11:33  Refinery  
  176  11:37  Orbital Command  
  179  11:40  SCV  
  179  11:41  SCV  
  181  11:49  Liberator  
  181  11:51  Supply Depot  
  176  12:05  Command Center  
  179  12:24  Hellion, Siege Tank  
  179  12:28  SCV  
  182  12:31  Siege Tank  
  182  12:32  Hellion  
  182  12:34  Liberator x2  
  182  12:35  Liberator  
  187  12:39  SCV  
  188  12:46  Command Center, Orbital Command  
  188  12:47  Command Center  
  188  12:48  Liberator  
  188  12:49  SCV  
  195  12:57  Refinery  
  198  12:59  Sensor Tower  
  198  13:00  Refinery  
  200  13:09  Hellion  
  193  13:12  Siege Tank  
  193  13:13  Hellion  
  193  13:14  Hellion  
  188  13:31  Hellion  
Tags
 
Add a new tag
Caveats
  • Supply blocks, unpowered buildings, or Contaminate may cause inaccurate times.
  • Supply counts are checked every 10 seconds.